 Seeded DCSS version 0.27-a0-1245-g940ed4fa31 (webtiles) character file.

Game seed: 15126746786746548627 (custom seed)

9 deathboy the Sneak (level 2, 0/15 HPs)
             Began as a Vampire Brigand on June 9, 2021.
             Was an Initiate of Ru.
             Slain by a rat (3 damage)
             ... on level 1 of the Dungeon.
             The game lasted 00:02:33 (397 turns).

deathboy the Sneak (Vampire Brigand)                 Turns: 397, Time: 00:02:33

Health: 0/15       AC:  3    Str: 10    XL:     2   Next: 3%
Magic:  2/2        EV: 12    Int: 13    God:    Ru [......]
Gold:   31         SH:  0    Dex: 15    Spells: 1/1 levels left

rFire    . . .     SeeInvis +   a - +2 dagger
rCold    . . .     Faith    .   (no shield)
rNeg     . . .     Spirit   .   b - +0 robe
rPois    .         Reflect  .   (no helmet)
rElec    .         Harm     .   c - +0 cloak
rCorr    .         Rampage  .   (no gloves)
Will     .....                  (no boots)
Stlth    +++.......             (no amulet)
HPRegen  0.25/turn              (no ring)
MPRegen  0.08/turn              (no ring)

@: healing quickly
A: alive, fangs 3, see invisible, vampiric 1, [frail 3]
a: Exsanguinate, Renounce Religion, Sacrifice Artifice, Sacrifice Durability,
Sacrifice Love, Reject Sacrifices


You were on level 1 of the Dungeon.
You worshipped Ru.
Ru was noncommittal.
You visited 1 branch of the dungeon, and saw 1 of its levels.

You collected 31 gold pieces.

Inventory:

Hand Weapons
 a - a +2 dagger (weapon)
Missiles
 d - 8 poisoned darts (quivered)
 e - 2 curare-tipped darts
Armour
 b - a +0 robe (worn)
 c - a +0 cloak (worn)
Potions
 f - a potion of degeneration {unknown}
 g - a potion of flight {unknown}


   Skills:
 + Level 1.8 Fighting
 + Level 2.3 Short Blades
 + Level 1.7 Throwing
 + Level 1.3 Dodging
 * Level 6.1 Stealth


You had one spell level left.
You didn't know any spells.
Your spell library contained the following spells:

 Spells                   Type           Power      Damage    Failure   Level
 Beastly Appendage        Tmut           0%         N/A       30%         1
 Wereblood                Tmut           0%         N/A       43%         2
 Spider Form              Tmut/Pois      0%         N/A       67%         3
 Ice Form                 Ice/Tmut       0%         N/A       97%         4


Dungeon Overview and Level Annotations

Branches:
Dungeon (1/15)

Altars:
Ru


Innate Abilities, Weirdness & Mutations

Your natural rate of healing is accelerated.
You have razor-sharp teeth.
You have supernaturally acute eyesight. (SInv)
You are afflicted with vampirism.
[You are extremely frail. (-30% HP)]


Message History

You continue your ritual.
The rat barely misses you.
You continue your ritual.
The rat barely misses you.
Now alive.
You feel frail. The rat bites you.
Keep bloodletting?
You begin bloodletting.
You continue bloodletting.
The rat bites you but does no damage.
You continue bloodletting.
The rat misses you.
You continue bloodletting.
The rat misses you.
You continue bloodletting.
The rat bites you but does no damage.
You continue bloodletting.
The rat barely misses you.
Now bloodless.
The rat misses you.
You begin the revivification ritual.
You continue your ritual.
The rat bites you. Continue your ritual?
You continue your ritual.
The rat bites you but does no damage.
You continue your ritual.
The rat barely misses you.
You continue your ritual.
The rat bites you.
* * * LOW HITPOINT WARNING * * *
You continue your ritual.
The rat barely misses you.
Now alive.
You feel frail.
Okay, then.
The rat bites you.
Keep bloodletting? [Y]es or [N]o only, please.
Keep bloodletting?
You die...

#### ########... ##..
...... #..###...###
####..#G#...#G# #
##.##..###...###... ##
##................#
...##..........r@.....#
#.....>.................
##.##.......###...###...
##.###...##.#G#...#G# ..
............###...###
###.###.###......... #.#
#.# #..##.#... ##.###.#
##. #.. ##...##.#


You could see a shining eye, 2 eyes of devastation, a floating eye and a rat.

Vanquished Creatures
  An endoplasm (D:1)
  3 hobgoblins (D:1)
  A ball python (D:1)
  A bat (D:1)
  3 rats (D:1)
9 creatures vanquished.

Notes
Turn   | Place    | Note
-------+----------+-------------------------------------------
     0 | D:1      | deathboy the Vampire Brigand began the quest for the Orb.
     0 | D:1      | Reached XP level 1. HP: 16/16 MP: 1/1
   126 | D:1      | Reached skill level 6 in Stealth
   186 | D:1      | Reached XP level 2. HP: 22/22 MP: 2/2
   202 | D:1      | Noticed a shining eye
   210 | D:1      | Found a faded altar of an unknown god.
   211 | D:1      | Noticed a floating eye
   213 | D:1      | Noticed an eye of devastation
   213 | D:1      | Noticed an eye of devastation
   218 | D:1      | Became a worshipper of Ru the Awakened
   397 | D:1      | Slain by a rat

Illustrated notes

Levels and vault maps discovered:
D:1:      tarquinn_simple_flora_water_b, layout_loops_ring,
          hellmonk_ecumenical_altar_watching_god

Skill      XL: |  1 |
---------------+----+-----
Stealth        | 6 |  6.1
Fighting       | |  1.8
Short Blades   | |  2.3
Throwing       | |  1.7
Dodging        | |  1.3

Action                   || total
-------------------------++-------
Melee: Dagger            ||    23
       Bite              ||     1
 Abil: Exsanguinate      ||     4
       Revivify          ||     3
 Stab: Sleeping          ||     3
Armor: Robe              ||    48
Dodge: Dodged            ||   113

Table legend: (Time is in decaauts)
 A = Elapsed time spent in this place.
 B = Non-inter-level travel time spent in this place.
 C = Inter-level travel time spent in this place.
 D = Time resting spent in this place.
 E = Time spent auto-exploring this place.
 F = Levels seen in this place.
 G = Mean time per level.
                   A        B        C        D        E       F      G
               +--------+--------+--------+--------+--------+-----+--------+
         Total |    395 |    395 |      0 |      0 |    162 |   1 |  395.0 |
       Dungeon |    395 |    395 |      0 |      0 |    162 |   1 |  395.0 |
               +--------+--------+--------+--------+--------+-----+--------+

Top non-repeatable levels by time:
     D:1: 395 daAuts
